 Seeded DCSS version 0.28-a0-1184-g53156a8862 (webtiles) character file.

Game seed: 55555 (custom seed)

491 a11behringer the Chopper (level 7, -4/54 HPs)
             Began as a Hill Orc Fighter on Dec 18, 2021.
             Was a Follower of Hepliaklqana.
             Slain by a wyvern zombie (8 damage)
             ... on level 4 of the Dungeon.
             The game lasted 00:12:13 (3420 turns).

a11behringer the Chopper (Hill Orc Fighter)         Turns: 3420, Time: 00:12:14

Health: -4/54      AC: 13    Str: 21    XL:     7   Next: 14%
Magic:  7/7        EV: 10    Int:  8    God:    Hepliaklqana [*.....]
Gold:   214        SH:  4    Dex: 10    Spells: 6/6 levels left

rFire   . . .      SeeInvis .   a - +0 war axe
rCold   . . .      Faith    .   c - +0 buckler
rNeg    . . .      Spirit   .   b - +0 scale mail
rPois   .          Reflect  .   w - +0 helmet
rElec   .          Harm     .   (no cloak)
rCorr   .          Rampage  .   x - +0 pair of gloves
Will    .....                   (no boots)
Stlth   ..........              (no amulet)
HPRegen 0.18/turn               y - +4 ring of protection
MPRegen 0.10/turn               (no ring)

@: brilliant
A: reduced essence
a: Renounce Religion, Recall Ancestor, Ancestor Identity


You were on level 4 of the Dungeon.
You worshipped Hepliaklqana.
Hepliaklqana was aware of your devotion.
You visited 1 branch of the dungeon, and saw 4 of its levels.

You collected 214 gold pieces.

Inventory:

Hand Weapons
 a - a +0 war axe (weapon)
 d - a +0 spear of venom
 v - a +6 club
Missiles
 e - 15 sling bullets
 j - 20 arrows
 l - 6 javelins (quivered)
 m - 42 bolts
 n - 28 poisoned darts
Armour
 b - a +0 scale mail (worn)
 c - a +0 buckler (worn)
 w - a +0 helmet (worn)
 x - a +0 pair of gloves (worn)
Jewellery
 y - a +4 ring of protection (left hand)
Scrolls
 f - a scroll of immolation {unknown}
 g - a scroll of fear
 k - 2 scrolls of teleportation
 o - a scroll of blinking {unknown}
 p - a scroll of brand weapon {unknown}
 q - a scroll of magic mapping {unknown}
 r - 2 scrolls of torment
 t - 3 scrolls of fog
Potions
 i - a potion of lignification
 u - a potion of flight
 z - a potion of cancellation {unknown}


   Skills:
 + Level 4.6 Fighting
 * Level 7.9 Axes
 + Level 4.4 Armour
 + Level 0.8 Dodging
 + Level 4.1 Shields


You had 6 spell levels left.
You didn't know any spells.
Your spell library contained the following spells:

 Spells                   Type           Power      Damage    Failure   Level
 Summon Guardian Golem    Hex/Summ       0%         N/A       98%         3
 Orb of Destruction       Conj           0%         N/A       100%        7
 Spellforged Servitor     Conj/Summ      0%         N/A       100%        7


Dungeon Overview and Level Annotations

Branches:
Dungeon (4/15)
 Temple: D:4-7

Altars:
Hepliaklqana


Message History

Cashile hits the wyvern zombie but does no damage.
The wyvern zombie barely misses you.
You have reached level 7!
Cashile remembers more of her old skill.
You slash the wyvern zombie!
The wyvern zombie is moderately damaged.
You hit the centaur zombie.
You destroy the centaur zombie!
You hit the wyvern zombie. The wyvern zombie bites you.
The wyvern zombie bites you!
* * * LOW HITPOINT WARNING * * *
Cashile hits the wyvern zombie!
The wyvern zombie barely misses you.
It was a potion of brilliance.
You feel clever all of a sudden. The wyvern zombie bites you!
* * * LOW HITPOINT WARNING * * *
Cashile hits the wyvern zombie but does no damage.
The wyvern zombie bites Cashile!
As you read the scroll of fog, it crumbles to dust.
The scroll dissolves into smoke.
The wyvern zombie bites you.
* * * LOW HITPOINT WARNING * * *
The wyvern zombie bites you but does no damage.
Cashile hits the wyvern zombie.
You block the wyvern zombie's attack.
The wyvern zombie bites Cashile!
Cashile hits the wyvern zombie but does no damage.
The wyvern zombie barely misses Cashile.
The wyvern zombie bites Cashile!
Cashile is destroyed!
The wyvern zombie barely misses you.
The wyvern zombie bites you but does no damage.
The wyvern zombie barely misses you. The wyvern zombie barely misses you.
The wyvern zombie bites you but does no damage.
The wyvern zombie barely misses you.
Items here: ))) [.
There is a stone staircase leading up here.
Things that are here:
a +0 dagger; a +0 club The wyvern zombie closely misses you.
The wyvern zombie bites you!
You die...

##§§§###.# #....# #...# #
#.§§§....#
##############...#####
#§§§§§...# ##...............
#§§§.....####
#..........#####.
#...........# #..........# #.
#...........# #..........# #.
####........#####..).......#
#. #...........##..........#
###. #...........Z@).........#
#... #...........Z)..........#
#... #..........))...........#
#...
#.......................###...
#...................#####.....
#...................# #.....
#.##########........# ###.....
#.# ##.......# #.......
####'### ####.......# #.......


You could see 2 wyvern zombies.

Vanquished Creatures
  The ghost of dang3rdave the Sneak, an amateur GrDe of Uskayaw (D:4)
  A scorpion (D:4)
  A centaur zombie (D:4)
  A hound (D:4)
  An orc priest (D:4)
  A hound skeleton (D:4)
  Robin (D:4)
  4 adders
  A dart slug (D:1)
  5 orcs
  7 bats
  4 endoplasms
  4 giant cockroaches
  15 goblins
  6 hobgoblins
  6 jackals (D:4)
  A quokka (D:2)
  4 ball pythons
  5 frilled lizards
  9 kobolds
  4 rats
82 creatures vanquished.

Vanquished Creatures (collateral kills)
  A necrophage (D:4)
  A howler monkey (D:4)
2 creatures vanquished.

Vanquished Creatures (others)
  An ancestor (D:4)
1 creature vanquished.

Grand Total: 85 creatures vanquished

Notes
Turn   | Place    | Note
-------+----------+-------------------------------------------
     0 | D:1      | a11behringer the Hill Orc Fighter began the quest for the
                  | Orb.
     0 | D:1      | Reached XP level 1. HP: 19/19 MP: 1/1
   216 | D:1      | Found a faded altar of an unknown god.
   232 | D:1      | Reached XP level 2. HP: 24/27 MP: 2/2
   272 | D:1      | Reached skill level 3 in Axes
   356 | D:1      | You fall into a shaft and drop 1 floor!
   562 | D:1      | Reached XP level 3. HP: 33/33 MP: 3/3
   854 | D:2      | Reached skill level 4 in Axes
  1037 | D:2      | Reached XP level 4. HP: 40/40 MP: 4/4
  2056 | D:3      | Reached skill level 5 in Axes
  2273 | D:3      | Found a hazy altar of Hepliaklqana.
  2390 | D:3      | Became a worshipper of Hepliaklqana the Forgotten
  2482 | D:4      | Noticed Robin
  2489 | D:4      | Killed Robin
  2614 | D:4      | Found a runed translucent gate.
  2615 | D:4      | Found a runed translucent gate.
  2616 | D:4      | Found a runed translucent gate.
  2639 | D:4      | Reached XP level 5. HP: 43/46 MP: 5/5
  2911 | D:4      | Reached skill level 6 in Axes
  3239 | D:4      | Reached * piety under Hepliaklqana
  3280 | D:4      | Reached XP level 6. HP: 47/47 MP: 6/6
  3283 | D:4      | Noticed a necrophage
  3290 | D:4      | Killed a necrophage
  3295 | D:4      | Reached skill level 7 in Axes
  3384 | D:4      | Noticed dang3rdave's ghost (amateur GrDe)
  3403 | D:4      | Killed dang3rdave's ghost
  3404 | D:4      | Reached XP level 7. HP: 27/54 MP: 7/7
  3406 | D:4      | HP: 1/54 [wyvern zombie (4)]
  3420 | D:4      | Slain by a wyvern zombie

Illustrated notes

Levels and vault maps discovered:
D:1:      lightli_arrival_isolated_outpost, layout_rooms, basic_ecumenical_altar
D:2:      layout_basic
D:3:      layout_loops_ring, worldfamousw_hep_ancestral_shrine,
          kennysheep_generic_room_8
D:4:      layout_basic, gammafunk_ghost_necromancy, uniq_robin

Skill      XL: |  1  2  3  4  5  6 |
---------------+-------------------+-----
Axes           | 3 4 5 6 7 |  7.9
Fighting       | 4 |  4.6
Shields        | 4 |  4.1
Armour         | 4 |  4.4
Dodging        | |  0.8

Action                   |  1- 3 |  4- 6 |  7- 9 || total
-------------------------+-------+-------+-------++-------
Melee: War axe           |    80 |   132 |     1 ||   213
Invok: Ancestor Identity |       |     2 |       ||     2
  Use: Potion            |       |     1 |     1 ||     2
       Scroll            |       |     6 |     1 ||     7
Armor: Scale mail        |    35 |    79 |     3 ||   117
Dodge: Dodged            |    41 |    72 |     6 ||   119
Block: Buckler           |    15 |    41 |     1 ||    57

Table legend: (Time is in decaauts)
 A = Elapsed time spent in this place.
 B = Non-inter-level travel time spent in this place.
 C = Inter-level travel time spent in this place.
 D = Time resting spent in this place.
 E = Time spent auto-exploring this place.
 F = Levels seen in this place.
 G = Mean time per level.
                   A        B        C        D        E       F      G
               +--------+--------+--------+--------+--------+-----+--------+
         Total |   3480 |   3053 |    427 |      0 |   2493 |   4 |  870.0 |
       Dungeon |   3480 |   3053 |    427 |      0 |   2493 |   4 |  870.0 |
               +--------+--------+--------+--------+--------+-----+--------+

Top non-repeatable levels by time:
     D:2: 1099 daAuts
     D:4: 965 daAuts
     D:3: 848 daAuts
     D:1: 567 daAuts
